 Dungeon Crawl Stone Soup version 0.28.0-45-g0d030f2227 (webtiles) character file.

Game seed: 9621511863716090104

99 MisterFreud the Covert (level 4, -1/41 HPs)
             Began as a Gnoll Delver on May 26, 2022.
             Slain by Pikel
             ... wielding a +1 whip of freezing
              (6 damage)
             ... on level 5 of the Dungeon.
             The game lasted 00:00:39 (107 turns).

MisterFreud the Covert (Gnoll Delver)                Turns: 107, Time: 00:00:40

Health: -1/41      AC:  3    Str: 11    XL:     4   Next: 72%
Magic:  5/5        EV: 13    Int: 11    God:
Gold:   0          SH:  0    Dex: 14    Spells: 5/5 levels left

rFire   . . .      SeeInvis .   a - +0 short sword
rCold   . . .      Faith    .   (no shield)
rNeg    . . .      Spirit   .   b - +0 leather armour
rPois   .          Reflect  .   (no helmet)
rElec   .          Harm     .   (no cloak)
rCorr   .          Rampage  .   (no gloves)
Will    .....                   (no boots)
Stlth   ++++......              (no amulet)
HPRegen 0.13/turn               (no ring)
MPRegen 0.09/turn               (no ring)

@: no status effects
A: fangs 1, strong nose, distributed training
a: no special abilities


You were on level 5 of the Dungeon.
You visited 1 branch of the dungeon, and saw 2 of its levels.

Inventory:

Hand Weapons
 a - a +0 short sword (weapon)
Armour
 b - a +0 leather armour (worn)
Wands
 g - a wand of digging (3)
Scrolls
 c - a scroll of fog
 d - a scroll of magic mapping
 e - a scroll of fear
Potions
 f - a potion of haste


   Skills:
 + Level 6.6 Fighting
 + Level 4.7 Short Blades
 + Level 1.2 Long Blades
 + Level 1.2 Axes
 + Level 1.2 Maces & Flails
 + Level 1.2 Polearms
 + Level 1.2 Staves
 + Level 1.2 Slings
 + Level 1.2 Bows
 + Level 1.2 Crossbows
 + Level 1.2 Throwing
 + Level 1.2 Armour
 + Level 4.7 Dodging
 + Level 9.6 Stealth
 + Level 1.2 Shields
 + Level 1.2 Unarmed Combat
 + Level 1.2 Spellcasting
 + Level 1.0 Conjurations
 + Level 1.0 Hexes
 + Level 1.0 Summonings
 + Level 1.0 Necromancy
 + Level 1.0 Translocations
 + Level 1.0 Transmutations
 + Level 1.0 Fire Magic
 + Level 1.0 Ice Magic
 + Level 1.0 Air Magic
 + Level 1.0 Earth Magic
 + Level 1.0 Poison Magic
 + Level 1.3 Invocations
 + Level 1.2 Evocations


You had 5 spell levels left.
You didn't know any spells.
Your spell library was empty.

Dungeon Overview and Level Annotations

Branches:
Dungeon (6/15)             Temple (0/1) D:6

Altars:

Annotations:
D:5 Pikel


Innate Abilities, Weirdness & Mutations

You have very sharp teeth.
Your uncanny sense of smell can sniff out nearby items.
Your experience applies equally to all skills.


Message History

Your Staves skill increases to level 1!
Your Slings skill increases to level 1!
Your Bows skill increases to level 1!
Your Crossbows skill increases to level 1!
Your Throwing skill increases to level 1!
Your Armour skill increases to level 1!
Your Shields skill increases to level 1!
Your Unarmed Combat skill increases to level 1!
Your Spellcasting skill increases to level 1!
Your Conjurations skill increases to level 1!
Your Hexes skill increases to level 1!
Your Summonings skill increases to level 1!
Your Necromancy skill increases to level 1!
Your Translocations skill increases to level 1!
Your Transmutations skill increases to level 1!
Your Fire Magic skill increases to level 1!
Your Ice Magic skill increases to level 1!
Your Air Magic skill increases to level 1!
Your Earth Magic skill increases to level 1!
Your Poison Magic skill increases to level 1!
Your Invocations skill increases to level 1!
Your Evocations skill increases to level 1!
You have reached level 4!
You feel agile.
Pikel says, "You'll make a fine lemure."
You open the door. Pikel misses you.
There is an open door here.
There is a stone staircase leading down here.
Pikel says, "You'll freeze in Cocytus!"
Pikel hits you with a +1 whip of freezing!
Pikel freezes you.
There is an open door, spattered with blood here.
An orc comes into view. It is wielding a +0 short sword.
The orc shouts!
You hear a shout! x4
An orc comes into view. It is wielding a +0 hand axe.
You hit the orc.
The orc is moderately wounded.
Pikel hits you with a +1 whip of freezing!
* * * LOW HITPOINT WARNING * * *
Pikel freezes you.
You die...

∆ ## .. #o#####
#.o@K.# ##+## #####.#
##...## ###.#
##.....## ##.#.#
##....>..##
##....###.........##
##.......'.........'.
#......###.........##
#.##.### ##.......##
#.#### ##.....##


You could see Pikel and 2 orcs.

Vanquished Creatures
  A phantom (D:5)
  A bullfrog skeleton (D:5)
2 creatures vanquished.

Vanquished Creatures (others)
  A plant (D:6)
1 creature vanquished.

Grand Total: 3 creatures vanquished

Notes
Turn   | Place    | Note
-------+----------+-------------------------------------------
     0 | D:5      | Reached skill level 9 in Stealth
     0 | D:5      | MisterFreud the Gnoll Delver began the quest for the Orb.
     0 | D:5      | Reached XP level 1. HP: 23/23 MP: 1/1
     5 | D:6      | Noticed a lemure
     7 | D:6      | Found a staircase to the Ecumenical Temple.
     7 | D:6      | Noticed a lemure
     8 | D:6      | Noticed Pikel
     9 | D:6      | Noticed a lemure
    72 | D:5      | Reached XP level 2. HP: 29/29 MP: 2/2
    72 | D:5      | Reached XP level 3. HP: 35/35 MP: 3/3
    77 | D:5      | Noticed a phantom
    81 | D:5      | Killed a phantom
    82 | D:5      | Reached skill level 1 in Long Blades
    82 | D:5      | Reached skill level 1 in Axes
    82 | D:5      | Reached skill level 1 in Maces & Flails
    82 | D:5      | Reached skill level 1 in Polearms
    82 | D:5      | Reached skill level 1 in Staves
    82 | D:5      | Reached skill level 1 in Slings
    82 | D:5      | Reached skill level 1 in Bows
    82 | D:5      | Reached skill level 1 in Crossbows
    82 | D:5      | Reached skill level 1 in Throwing
    82 | D:5      | Reached skill level 1 in Armour
    82 | D:5      | Reached skill level 1 in Shields
    82 | D:5      | Reached skill level 1 in Unarmed Combat
    82 | D:5      | Reached skill level 1 in Spellcasting
    82 | D:5      | Reached skill level 1 in Conjurations
    82 | D:5      | Reached skill level 1 in Hexes
    82 | D:5      | Reached skill level 1 in Summonings
    82 | D:5      | Reached skill level 1 in Necromancy
    82 | D:5      | Reached skill level 1 in Translocations
    82 | D:5      | Reached skill level 1 in Transmutations
    82 | D:5      | Reached skill level 1 in Fire Magic
    82 | D:5      | Reached skill level 1 in Ice Magic
    82 | D:5      | Reached skill level 1 in Air Magic
    82 | D:5      | Reached skill level 1 in Earth Magic
    82 | D:5      | Reached skill level 1 in Poison Magic
    82 | D:5      | Reached skill level 1 in Invocations
    82 | D:5      | Reached skill level 1 in Evocations
    82 | D:5      | Reached XP level 4. HP: 30/41 MP: 3/5
   107 | D:5      | Slain by Pikel

Illustrated notes

Levels and vault maps discovered:
D:5:      layout_loops_corners, uniq_edmund
D:6:      layout_basic, minmay_temple_entry_gardened_gates, uniq_pikel

Skill      XL: |  1  2  3 |
---------------+----------+-----
Stealth        | |  9.6
Long Blades    | 1 |  1.2
Axes           | 1 |  1.2
Maces & Flails | 1 |  1.2
Polearms       | 1 |  1.2
Staves         | 1 |  1.2
Slings         | 1 |  1.2
Bows           | 1 |  1.2
Crossbows      | 1 |  1.2
Throwing       | 1 |  1.2
Armour         | 1 |  1.2
Shields        | 1 |  1.2
Unarmed Combat | 1 |  1.2
Spellcasting   | 1 |  1.2
Conjurations   | 1 |  1.0
Hexes          | 1 |  1.0
Summonings     | 1 |  1.0
Necromancy     | 1 |  1.0
Translocations | 1 |  1.0
Transmutations | 1 |  1.0
Fire Magic     | 1 |  1.0
Ice Magic      | 1 |  1.0
Air Magic      | 1 |  1.0
Earth Magic    | 1 |  1.0
Poison Magic   | 1 |  1.0
Invocations    | 1 |  1.3
Evocations     | 1 |  1.2
Fighting       | |  6.6
Short Blades   | |  4.7
Dodging        | |  4.7

Action                   |  1- 3 |  4- 6 || total
-------------------------+-------+-------++-------
Melee: Short sword       |     2 |     1 ||     3
 Stab: Sleeping          |     2 |       ||     2
Dodge: Dodged            |     4 |     1 ||     5
